[Event "Team 45 45 League T57"]
[Site "Internet Chess Club"]
[Date "2013.06.10"]
[Round "3"]
[White "nurmi"]
[Black "Jack-ONeill"]
[Result "1-0"]
[WhiteElo "1947"]
[BlackElo "2049"]
[Opening "Alekhine's defense: exchange variation"]
[ECO "B03"]
[Time "15:16:24"]
[TimeControl "2700+45"]

1. e4 Nf6 2. e5 Nd5 3. d4 d6 4. c4 Nb6 5. exd6 exd6 6. Nf3 Be7 7. Bd2 O-O 8. Bd3
Bg4 9. O-O Nc6 10. Bc3 Bf6 11. Na3 Re8 12. Nc2 d5 13. c5 Nd7 14. Be2 Nf8 15. b4
Ng6 16. Qd2 Qd7 17. Rfe1 Re4 18. b5 Nd8 19. Ne3 Nf4 20. Bd1 Bh5 21. g3 Qh3 22.
Kh1 Nde6 23. Ng1 Rxe3 24. fxe3 Qf5 25. exf4 {Black resigns} 1-0

[Event "Team 45 45 League T57"]
[Site "Internet Chess Club"]
[Date "2013.06.09"]
[Round "3"]
[White "MaartenKoning"]
[Black "ARuperez"]
[Result "0-1"]
[WhiteElo "2259"]
[BlackElo "2177"]
[Opening "English opening"]
[ECO "A30"]
[Time "07:04:10"]
[TimeControl "2700+45"]

1. Nf3 Nf6 2. c4 c5 3. g3 Nc6 4. d4 cxd4 5. Nxd4 Qb6 6. Nc2 e6 7. Bg2 h5 8. h3
h4 9. g4 Bc5 10. O-O Ne5 11. Nc3 Qc7 12. Ne3 O-O 13. Na4 Bxe3 14. Bxe3 Nexg4 15.
hxg4 Nxg4 16. Re1 h3 17. Bf3 Qh2+ 18. Kf1 Nxe3+ 19. fxe3 Qg3 20. Qd4 h2 21. Bg2
e5 22. Qe4 d5 23. Qf3 Qh4 24. Qf2 Bh3 25. Qxh4 h1=Q+ 26. Kf2 Qxg2# {White
checkmated} 0-1

[Event "Team 45 45 League T57"]
[Site "Internet Chess Club"]
[Date "2013.06.05"]
[Round "3"]
[White "RRK"]
[Black "lluisdp"]
[Result "0-1"]
[WhiteElo "1987"]
[BlackElo "1981"]
[Opening "King's Indian: Sämisch, 6...Nc6"]
[ECO "E83"]
[Time "18:30:29"]
[TimeControl "2700+45"]

1. d4 Nf6 2. c4 g6 3. Nc3 Bg7 4. e4 d6 5. f3 O-O 6. Be3 Nc6 7. Bd3 e5 8. d5 Nd4
9. Nge2 Nh5 10. Qd2 c5 11. dxc6 bxc6 12. O-O-O Be6 13. Rdf1 d5 14. exd5 cxd5 15.
cxd5 Bxd5 16. Nxd5 Qxd5 17. Nc3 Qa5 18. g4 Nf4 19. Bxf4 exf4 20. h4 Rfc8 21. Kb1
Rab8 22. Ne4 Qxd2 23. Nxd2 Nxf3 24. Nxf3 {White resigns} 0-1

[Event "Team 45 45 League T57"]
[Site "Internet Chess Club"]
[Date "2013.06.09"]
[Round "3"]
[White "PopolVuh"]
[Black "TerryMalloy"]
[Result "1-0"]
[WhiteElo "1963"]
[BlackElo "1981"]
[Opening "English, 1...Nf6 (Anglo-Indian defense)"]
[ECO "A13"]
[Time "15:19:24"]
[TimeControl "2700+45"]

1. c4 Nf6 2. g3 e6 3. Bg2 d5 4. Nf3 d4 5. O-O Bd6 6. Nxd4 O-O 7. Nf3 Nbd7 8. d4
c5 9. Nc3 Qe7 10. e4 cxd4 11. Nxd4 Rd8 12. Qe2 Bc5 13. Nb3 Bb4 14. Bd2 Rb8 15.
e5 Ne8 16. a3 Bxc3 17. Bxc3 b6 18. Nd4 {Black resigns} 1-0

[Event "Team 45 45 League T57"]
[Site "Internet Chess Club"]
[Date "2013.06.10"]
[Round "3"]
[White "az2112"]
[Black "LiangLiang"]
[Result "1-0"]
[WhiteElo "1652"]
[BlackElo "1691"]
[Opening "Réti: King's Indian attack"]
[ECO "A05"]
[Time "21:15:06"]
[TimeControl "2700+45"]

1. Nf3 Nf6 2. g3 g6 3. Bg2 Bg7 4. O-O O-O 5. d3 c5 6. e4 Nc6 7. Re1 d6 8. c3 Qc7
9. Nbd2 Bd7 10. Nf1 Rac8 11. Bf4 Nh5 12. Bd2 f5 13. exf5 Bxf5 14. Ng5 Nf6 15.
Qb3+ Kh8 16. Nf7+ Rxf7 17. Qxf7 d5 18. Ne3 Qd7 19. Nxf5 gxf5 20. Qe6 Qxe6 21.
Rxe6 Kg8 22. Rae1 Kf7 23. R6e2 e5 24. a3 e4 25. dxe4 fxe4 26. f3 Ne5 27. fxe4
dxe4 28. Rf1 Re8 29. Bxe4 Nd7 30. Bd5+ Kf8 31. Rxe8+ Kxe8 32. Bxb7 Ne5 33. Be3
Nfd7 34. Ba6 Ke7 35. Bf4 Ke6 36. Bc8 Ke7 37. Bxd7 Nxd7 38. Kg2 Be5 39. Re1 Kf6
40. Kf3 Bxf4 41. Kxf4 a5 42. Rd1 Nf8 43. Rd6+ Ke7 44. Ke5 c4 45. Ra6 Nd7+ 46.
Kd4 Nb8 47. Ra7+ Kd6 48. Rxh7 {Black resigns} 1-0

[Event "Team 45 45 League T57"]
[Site "Internet Chess Club"]
[Date "2013.06.08"]
[Round "3"]
[White "DouDou"]
[Black "Schack"]
[Result "1-0"]
[WhiteElo "1772"]
[BlackElo "1658"]
[Opening "French: Tarrasch, closed variation"]
[ECO "C05"]
[Time "20:00:21"]
[TimeControl "2700+45"]

1. e4 e6 2. d4 d5 3. Nd2 Nf6 4. e5 Nfd7 5. Ngf3 c5 6. c3 Nc6 7. Bd3 f6 8. exf6
Nxf6 9. O-O cxd4 10. Nxd4 Bd6 11. Re1 e5 12. Nf5 O-O 13. Nxd6 Qxd6 14. Nc4 Qc7
15. Ne3 Be6 16. Bf5 Bf7 17. Ng4 Nh5 18. Bg5 Nf4 19. Qf3 Bg6 20. Bxg6 Nxg6 21.
Qxd5+ Kh8 22. Re3 Rf5 23. h4 h6 24. Qe6 Qf7 25. Qxf7 Rxf7 26. h5 Rf5 27. hxg6
Rxg5 28. Re4 Rxg6 29. Nxe5 Nxe5 30. Rxe5 Rd8 31. Rae1 Rd2 32. R1e2 Rgd6 33. f3
Kg8 34. Kf2 Rxe2+ 35. Kxe2 Kf7 36. Ke3 Kf6 37. Re4 Rd1 38. Rd4 Re1+ 39. Kd3 Re7
40. c4 Rc7 41. b4 a6 42. c5 Re7 43. a4 Rc7 44. Kc4 Ke5 45. b5 axb5+ 46. axb5 Rf7
47. c6 bxc6 48. bxc6 Rc7 49. Rd5+ Ke6 50. Kc5 Ra7 51. Rd8 Ke7 52. Rb8 Ra1 53. c7
Rc1+ 54. Kb6 Rb1+ 55. Ka7 Ra1+ 56. Kb7 Rb1+ 57. Kc8 Rc1 58. Rb6 Rc2 59. Kb8 Kd7
60. Rb7 {Black resigns} 1-0

[Event "Team 45 45 League T57"]
[Site "Internet Chess Club"]
[Date "2013.06.08"]
[Round "3"]
[White "jufral"]
[Black "ilovechess"]
[Result "1-0"]
[WhiteElo "1511"]
[BlackElo "1359"]
[Opening "Ruy Lopez: Anderssen variation"]
[ECO "C77"]
[Time "17:01:05"]
[TimeControl "2700+45"]

1. e4 e5 2. Nf3 Nc6 3. Bb5 a6 4. Ba4 Nf6 5. d3 b5 6. Bb3 Na5 7. c3 Nxb3 8. Qxb3
Be7 9. Nxe5 O-O 10. O-O Bb7 11. c4 c6 12. Nc3 Qc7 13. Bf4 Bd6 14. d4 c5 15. cxb5
cxd4 16. Nd5 Nxd5 17. Rac1 Nc3 18. bxc3 d3 19. b6 Qd8 20. Nxd3 Bxf4 21. Nxf4
Bxe4 22. Rfe1 Bc6 23. c4 Rb8 24. c5 Bb5 25. a4 Bc6 26. a5 Bb5 27. Qg3 Qf6 28.
Nd5 Qh6 29. f4 Kh8 30. Nc7 Qc6 31. h4 Rbc8 32. Re5 f6 33. Rh5 Qe4 34. Nxb5 axb5
35. a6 Qd4+ 36. Qf2 Qe4 37. Qc2 Qe3+ 38. Kh1 h6 39. a7 Qe8 40. Rd5 Ra8 41. g4
Qe3 42. Rxd7 Qxf4 43. c6 Qxg4 44. Qg2 Qxh4+ 45. Kg1 Rg8 46. c7 Qf4 47. c8=Q
Raxc8 48. Rxc8 Qe3+ 49. Qf2 Qg5+ 50. Qg2 Qe3+ 51. Kf1 Qf4+ 52. Ke1 Qe5+ 53. Kd1
Qa1+ 54. Rc1 Qa4+ 55. Ke2 Qa2+ 56. Kf1 Qa4 57. a8=Q Qf4+ 58. Qaf3 Qxc1+ 59. Rd1
Qc4+ 60. Qge2 Qc8 61. b7 Qb8 62. Qxb5 Qa7 63. Qfb3 Qb8 64. Q5c4 Kh7 65. Qxg8+
Qxg8 66. Qxg8+ Kxg8 67. b8=Q+ Kh7 68. Qb1+ Kg8 69. Rd8+ Kf7 70. Qe4 g6 71. Rd7+
Kf8 72. Qa8# {Black checkmated} 1-0

[Event "Team 45 45 League T57"]
[Site "Internet Chess Club"]
[Date "2013.06.10"]
[Round "3"]
[White "hi12980"]
[Black "drsigmund1"]
[Result "1-0"]
[WhiteElo "1802"]
[BlackElo "1538"]
[Opening "French: Tarrasch, closed variation"]
[ECO "C05"]
[Time "21:03:15"]
[TimeControl "2700+45"]

1. e4 e6 2. d4 d5 3. Nd2 Nf6 4. e5 Nfd7 5. Ngf3 c5 6. c3 Nc6 7. Be2 f6 8. exf6
Nxf6 9. O-O cxd4 10. cxd4 Bd6 11. Bb5 O-O 12. Nb3 Qc7 13. Re1 Ng4 14. h3 Nh2 15.
Nfd2 a6 16. Bxc6 Qxc6 17. g3 Bd7 18. Qe2 e5 19. Kxh2 e4 20. Nf1 Rf7 21. Be3 Raf8
22. Rac1 Bxg3+ 23. Nxg3 Qe6 24. Qf1 g5 25. Nc5 Qd6 26. Nxd7 Qxd7 27. Qe2 Rf3 28.
Rg1 g4 29. hxg4 Qxg4 30. Qe1 h5 31. Qf1 h4 32. Ne2 Rg3 33. Nxg3 hxg3+ 34. Rxg3
{Black resigns} 1-0

[Event "Team 45 45 League T57"]
[Site "Internet Chess Club"]
[Date "2013.06.05"]
[Round "3"]
[White "QuieroAprender"]
[Black "Kingofknights"]
[Result "1-0"]
[WhiteElo "1709"]
[BlackElo "1676"]
[Opening "Caro-Kann: anti-anti-Caro-Kann defense"]
[ECO "B10"]
[Time "19:05:06"]
[TimeControl "2700+45"]

1. e4 c6 2. c4 d5 3. cxd5 cxd5 4. exd5 Nf6 5. Nc3 Nxd5 6. Bb5+ Bd7 7. Bxd7+ Qxd7
8. Qb3 Nf4 9. Kf1 Qd3+ 10. Nge2 Nxe2 11. Nxe2 Qxb3 12. axb3 e5 13. d4 exd4 14.
Nxd4 Bc5 15. Nb5 Na6 16. Rxa6 bxa6 17. Nc7+ Kd7 18. Nxa8 Rxa8 19. Ke2 Rb8 20.
Rd1+ Ke6 21. Rd3 Rb4 22. Bd2 Re4+ 23. Be3 a5 24. f3 Bxe3 25. fxe4 Bc1 26. Rd5
Bxb2 27. Rxa5 Bd4 28. Rd5 Bb6 29. Kd3 g6 30. g4 h6 31. h4 f6 32. h5 g5 33. Kc4
Ke7 34. b4 Ke6 35. Kb5 Be3 36. Kc6 Bb6 37. Rb5 Be3 38. Kb7 Bd4 39. Rc5 Be3 40.
Kxa7 Kd6 41. Kb6 Ke6 42. Kb5 Kd6 43. Rd5+ Kc7 44. Ka6 Bf2 45. b5 Be3 46. Rd3 Bf2
47. Rc3+ Kb8 48. b6 Bd4 49. Rd3 {Black resigns} 1-0

[Event "Team 45 45 League T57"]
[Site "Internet Chess Club"]
[Date "2013.06.09"]
[Round "3"]
[White "AVEMARIA"]
[Black "chesskix"]
[Result "1-0"]
[WhiteElo "1640"]
[BlackElo "1374"]
[Opening "Sicilian: Nimzovich-Rossolimo attack (without ...d6)"]
[ECO "B30"]
[Time "16:00:49"]
[TimeControl "2700+45"]

1. e4 c5 2. Nf3 Nc6 3. Bb5 a6 4. Bxc6 dxc6 5. O-O Bg4 6. h3 Bxf3 7. Qxf3 e5 8.
d3 Be7 9. Nc3 Nf6 10. Be3 O-O 11. Ne2 g6 12. Ng3 Kh8 13. b3 Rg8 14. Qe2 Nd7 15.
Rad1 Bh4 16. Nh1 f5 17. f4 Qe7 18. fxe5 Nxe5 19. exf5 gxf5 20. Bf4 Ng6 21. Qxe7
Bxe7 22. Rde1 Bf6 23. Be3 Bd4 24. Bxd4+ cxd4 25. Rxf5 Nh4 26. Rf2 Rg6 27. Re4
Nxg2 28. Rxg2 Rag8 29. Reg4 Kg7 30. Nf2 Kf7 31. Rxg6 hxg6 32. Ne4 Ke6 33. Rf2 b6
34. a4 Rg7 35. Kg2 Ke5 36. Kg3 b5 37. axb5 axb5 38. Kg4 b4 39. Rf6 c5 40. Kg5 c4
41. bxc4 b3 42. cxb3 Rb7 43. Nc5 Rb6 44. Re6+ Rxe6 45. Nxe6 Kxe6 46. Kxg6 {Black
resigns} 1-0

[Event "Team 45 45 League T57"]
[Site "Internet Chess Club"]
[Date "2013.06.09"]
[Round "3"]
[White "BotanicalKnight"]
[Black "tightfist"]
[Result "1-0"]
[WhiteElo "1500"]
[BlackElo "1528"]
[Opening "French: Labourdonnais variation"]
[ECO "C00"]
[Time "23:01:04"]
[TimeControl "2700+45"]

1. e4 e6 2. f4 g6 3. g3 c5 4. d3 Bg7 5. Nc3 Ne7 6. Bg2 Nbc6 7. Nf3 d6 8. O-O O-O
9. Rb1 b6 10. h3 Ba6 11. Ne2 Rc8 12. c3 Qc7 13. g4 f5 14. exf5 exf5 15. g5 Kh8
16. h4 Rfe8 17. c4 Rcd8 18. Qa4 Bb7 19. Nc3 a6 20. a3 d5 21. Qc2 dxc4 22. dxc4
Nd4 23. Qf2 Nxf3+ 24. Bxf3 Bd4 25. Be3 Bxc3 26. bxc3 Bxf3 27. Qxf3 Nc6 28. Rfd1
Rxd1+ 29. Rxd1 Re4 30. h5 Rxc4 31. Qd5 Re4 32. Bxc5 bxc5 33. Qxc5 Re7 34. Rd6
Na5 35. Qd4+ Kg8 36. Rd8+ Kf7 37. Qf6# {Black checkmated} 1-0

[Event "Team 45 45 League T57"]
[Site "Internet Chess Club"]
[Date "2013.06.10"]
[Round "3"]
[White "JustinL"]
[Black "Grenadier"]
[Result "1-0"]
[WhiteElo "1948"]
[BlackElo "1661"]
[Opening "QGD: classical variation (5.Bf4)"]
[ECO "D37"]
[Time "20:00:17"]
[TimeControl "2700+45"]

1. d4 Nf6 2. c4 e6 3. Nc3 d5 4. Nf3 Be7 5. Bf4 O-O 6. e3 a6 7. a3 Nbd7 8. b4
dxc4 9. Bxc4 b5 10. Bd3 Bb7 11. O-O Nb6 12. e4 Nh5 13. Be3 Nf6 14. h3 h6 15. Qd2
Nc4 16. Bxc4 bxc4 17. e5 Ne4 18. Nxe4 Bxe4 19. Rfc1 Bd5 20. Qc3 Bxf3 21. gxf3
Bg5 22. f4 Be7 23. Qxc4 Rc8 24. Qxa6 g5 25. fxg5 Bxg5 26. Kh2 Bxe3 27. fxe3 Qh4
28. Rg1+ Kh8 29. Qe2 Rg8 30. Qf3 Rcf8 31. Qf4 Qh5 32. Rg4 Rg5 33. Rag1 Rfg8 34.
a4 Qg6 35. e4 {Black resigns} 1-0

[Event "Team 45 45 League T57"]
[Site "Internet Chess Club"]
[Date "2013.06.07"]
[Round "3"]
[White "GoIrish"]
[Black "justice02"]
[Result "0-1"]
[WhiteElo "1573"]
[BlackElo "1730"]
[Opening "Réti: King's Indian attack"]
[ECO "A08"]
[Time "21:00:44"]
[TimeControl "2700+45"]

1. Nf3 c5 2. g3 d5 3. Bg2 Nc6 4. O-O e5 5. d3 Nf6 6. e4 d4 7. Nbd2 Bd6 8. Nc4
Bc7 9. a4 h6 10. Nh4 Be6 11. f4 Bxc4 12. dxc4 Qd7 13. b3 O-O-O 14. Ba3 b6 15.
Nf3 exf4 16. gxf4 Bxf4 17. Ne1 Be3+ 18. Kh1 Rhe8 19. Qf3 Kb7 20. Nd3 Ne5 21. Qf5
Qxf5 22. Rxf5 Nfg4 23. h3 g6 24. Rff1 Nxd3 25. cxd3 Nf2+ 26. Kh2 Kb8 27. a5 Bf4+
28. Kg1 Nxd3 29. axb6 axb6 30. Kh1 g5 31. Rad1 Ne5 32. h4 Re7 33. Bh3 Ra7 34.
Bc1 Bxc1 35. Rxc1 Ra3 36. Rf6 Rxb3 37. Bg2 Rh8 38. h5 Kc7 39. Ra1 d3 40. Rf5
Nxc4 41. Rxf7+ Kd6 42. Rf6+ Ke5 43. Rf5+ Kd4 44. Rd5+ Kc3 45. Rc1+ Kd2 46. Rxc4
Rf8 47. Rf5 Ra8 48. e5 Ra1+ 49. Kh2 Re1 50. Re4 Rxe4 51. Bxe4 Ke3 52. Bf3 d2 53.
e6 Kd4 54. Rd5+ Kc4 55. Rxd2 Rxf3 56. Re2 Rf8 57. Rd2 Re8 58. Rd6 b5 59. e7 Rxe7
60. Rxh6 b4 61. Rg6 b3 62. Rxg5 b2 63. Rg1 Kb3 64. h6 c4 65. Rg7 Re2+ 66. Kh3
b1=Q 67. Rb7+ Kc2 68. Rxb1 Kxb1 69. h7 Re8 70. Kh4 Rh8 {White resigns} 0-1

[Event "Team 45 45 League T57"]
[Site "Internet Chess Club"]
[Date "2013.06.08"]
[Round "3"]
[White "noblitz-oblige"]
[Black "BrerRabbit"]
[Result "1-0"]
[WhiteElo "1573"]
[BlackElo "1469"]
[Opening "Pirc: Ufimtsev-Pytel variation"]
[ECO "B07"]
[Time "20:07:30"]
[TimeControl "2700+45"]

1. e4 d6 2. d4 Nf6 3. Nc3 c6 4. Nf3 Bg4 5. Be2 e6 6. O-O d5 7. exd5 cxd5 8. Bf4
Bd6 9. Bg5 a6 10. Re1 O-O 11. h3 Bh5 12. Ne5 Bxe2 13. Qxe2 Nbd7 14. a3 Qc7 15.
Rad1 Rac8 16. Rd3 b5 17. b4 Qb7 18. Rg3 Bb8 19. Bh6 Ne8 20. Bxg7 Nxg7 21. Qg4
Bxe5 22. Rxe5 Nxe5 23. Qxg7# {Black checkmated} 1-0

[Event "Team 45 45 League T57"]
[Site "Internet Chess Club"]
[Date "2013.06.09"]
[Round "3"]
[White "AlPearson"]
[Black "kingsrook"]
[Result "1-0"]
[WhiteElo "1342"]
[BlackElo "1292"]
[Opening "QGD Slav: 4.e3"]
[ECO "D11"]
[Time "17:34:03"]
[TimeControl "2700+45"]

1. d4 d5 2. c4 c6 3. Nf3 Nf6 4. e3 g6 5. Be2 Bg7 6. O-O O-O 7. Nc3 e6 8. cxd5
cxd5 9. b4 Nbd7 10. b5 b6 11. a4 Bb7 12. Ba3 Re8 13. Rc1 Rc8 14. Rc2 Bf8 15. Qa1
Ne4 16. Rfc1 Rc7 17. Nxe4 Rxc2 18. Rxc2 dxe4 19. Nd2 Qb8 20. Bxf8 Rxf8 21. Qc1
Nf6 22. g4 h6 23. h3 Kg7 24. Bf1 Rc8 25. Bg2 g5 26. Rxc8 Qxc8 27. Qxc8 Bxc8 28.
Nxe4 Bb7 29. Nxf6 Bxg2 30. Ne8+ Kf8 31. Kxg2 Kxe8 32. Kf3 Ke7 33. Ke4 Kd6 34. f3
f6 35. f4 Ke7 36. d5 Kd6 37. dxe6 Kxe6 38. f5+ Kd6 39. Kd4 Ke7 40. Kd5 Kd7 41.
e4 Ke7 42. e5 fxe5 43. Kxe5 Kf7 44. f6 Ke8 45. Ke6 Kf8 46. f7 Kg7 47. Ke7 h5 48.
f8=Q+ Kg6 49. Qf5+ Kh6 50. Kd7 hxg4 51. hxg4 Kg7 52. Qxg5+ Kf7 53. Kd6 Ke8 54.
Qe7# {Black checkmated} 1-0

[Event "Team 45 45 League T57"]
[Site "Internet Chess Club"]
[Date "2013.06.09"]
[Round "3"]
[White "jps7"]
[Black "ticopatzer"]
[Result "1-0"]
[WhiteElo "1817"]
[BlackElo "1690"]
[Opening "Queen's Indian defense"]
[ECO "A47"]
[Time "19:00:55"]
[TimeControl "2700+45"]

1. d4 Nf6 2. Nf3 b6 3. e3 Bb7 4. Bd3 e6 5. O-O c5 6. b3 cxd4 7. exd4 Nc6 8. a3
d5 9. Bb2 Bd6 10. Nbd2 O-O 11. Ne5 Qc7 12. f4 Nd7 13. Qh5 g6 14. Qh3 Ndxe5 15.
fxe5 Be7 16. Nf3 a5 17. Rf2 Ba6 18. Bxa6 Rxa6 19. Raf1 Bd8 20. a4 Nb4 21. Ne1
Ra7 22. c3 Nc6 23. Nd3 Rb7 24. Nf4 Qe7 25. Nxe6 Re8 26. Nxd8 Nxd8 27. Qh6 Rc7
28. Rf3 Ne6 29. Bc1 Qf8 30. Qh4 Qe7 31. Qh6 Qf8 32. Qxf8+ Rxf8 33. Bd2 Rb8 34.
Rb1 b5 35. Rff1 bxa4 36. bxa4 Rcb7 37. Rxb7 Rxb7 38. Kf2 Rb2 39. Ke3 Ra2 40. Kd3
Rxa4 41. Rb1 Kg7 42. Rb7 Ra1 43. Rd7 a4 44. Rxd5 a3 45. Ra5 a2 46. Kc2 Rg1 47.
Rxa2 Rxg2 48. d5 Nc5 49. d6 Rxh2 50. Ra5 Ne4 51. Rd5 Re2 52. d7 Nxd2 53. Rxd2
Rxe5 54. d8=Q {Black resigns} 1-0

[Event "Team 45 45 League T57"]
[Site "Internet Chess Club"]
[Date "2013.06.07"]
[Round "3"]
[White "JWB"]
[Black "supermessi"]
[Result "1-0"]
[WhiteElo "1731"]
[BlackElo "1569"]
[Opening "QGD Slav: Soultanbéieff variation"]
[ECO "D16"]
[Time "14:01:27"]
[TimeControl "2700+45"]

1. d4 d5 2. c4 c6 3. Nf3 Nf6 4. Nc3 dxc4 5. a4 e6 6. e3 Be7 7. Bxc4 O-O 8. O-O
Nbd7 9. Qe2 Nd5 10. e4 N5f6 11. Rd1 Nb6 12. Bd3 Qc7 13. a5 Nbd7 14. d5 exd5 15.
exd5 Bb4 16. dxc6 Qxc6 17. Qc2 Re8 18. Bd2 b6 19. axb6 Nxb6 20. Bb5 Qc7 21. Bxe8
Nxe8 22. Qe4 Bb7 23. Qxb4 a6 24. Bf4 Qc6 25. Rac1 Qg6 26. Bg3 Rc8 27. Qe7 Bxf3
28. gxf3 Nc4 29. Rd8 Qc6 30. Rxc8 Qxc8 31. Rd1 h6 32. Rd8 Qf5 33. Rxe8+ Kh7 34.
Qe4 {Black resigns} 1-0

[Event "Team 45 45 League T57"]
[Site "Internet Chess Club"]
[Date "2013.06.09"]
[Round "3"]
[White "rahulr"]
[Black "rayngrant"]
[Result "1-0"]
[WhiteElo "1584"]
[BlackElo "1584"]
[Opening "Grünfeld: modern exchange variation"]
[ECO "D85"]
[Time "13:00:18"]
[TimeControl "2700+45"]

1. d4 Nf6 2. c4 g6 3. Nc3 d5 4. cxd5 Nxd5 5. e4 Nxc3 6. bxc3 Bg7 7. Nf3 c5 8.
Be2 O-O 9. O-O Nc6 10. Be3 Qa5 11. Qb3 cxd4 12. cxd4 Qb4 13. Qxb4 Nxb4 14. Rfc1
Nc6 15. Rab1 Bg4 16. Rxb7 Bxf3 17. Bxf3 e6 18. Rxc6 {Black resigns} 1-0

[Event "Team 45 45 League T57"]
[Site "Internet Chess Club"]
[Date "2013.06.11"]
[Round "3"]
[White "Chess-Dream"]
[Black "Nb4"]
[Result "0-1"]
[WhiteElo "2126"]
[BlackElo "1921"]
[Opening "English opening"]
[ECO "A05"]
[Time "14:32:31"]
[TimeControl "2700+45"]

1. Nf3 Nf6 2. c4 Nc6 3. d4 e6 4. Nc3 Bb4 5. Bg5 O-O 6. e3 d6 7. Qc2 h6 8. Bh4 e5
9. dxe5 dxe5 10. Rd1 Qe7 11. a3 Bxc3+ 12. Qxc3 g5 13. Bg3 Ne4 14. Qc2 Bf5 15.
Qb3 Nc5 16. Qc3 Ne4 17. Qb3 Nc5 18. Qc3 Rad8 19. Rd5 Ne4 20. Qb3 Nc5 21. Qb5 Bc2
22. Qxc5 Qxc5 23. Rxc5 Rd1+ 24. Ke2 f6 25. Rd5 Rb1 26. Rd2 Bb3 27. Kd3 Rc1 28.
Ke4 f5+ 29. Kd5 f4 30. exf4 exf4 31. h4 fxg3 32. hxg5 hxg5 33. Ke4 g4 34. Nd4
Nxd4 35. Kxd4 Rxf2 36. Rxf2 gxf2 37. Ke3 g3 38. Kf3 Rxf1 39. Rh3 Bxc4 40. Rxg3+
Kf7 41. Rg4 Bd5+ 42. Ke3 Rg1 {White resigns} 0-1

[Event "Team 45 45 League T57"]
[Site "Internet Chess Club"]
[Date "2013.06.10"]
[Round "3"]
[White "bat30"]
[Black "dmarcolino"]
[Result "1-0"]
[WhiteElo "1886"]
[BlackElo "1983"]
[Opening "French: exchange variation"]
[ECO "C01"]
[Time "20:00:47"]
[TimeControl "2700+45"]

1. e4 e6 2. d4 d5 3. exd5 exd5 4. Nc3 Bb4 5. Bd3 Nc6 6. Ne2 Nf6 7. O-O Be6 8.
Re1 Qd7 9. a3 Be7 10. Be3 Ng4 11. Bf4 g5 12. Bg3 f5 13. f3 f4 14. Bxf4 O-O-O 15.
Bg3 Nf6 16. b4 Bd6 17. b5 Ne7 18. Bxd6 Qxd6 19. Qd2 Rhg8 20. Ng3 h5 21. Qe2 Kd7
22. Na4 b6 23. Qe3 h4 24. Nc5+ Kc8 25. Qxe6+ {Black resigns} 1-0

[Event "Team 45 45 League T57"]
[Site "Internet Chess Club"]
[Date "2013.06.06"]
[Round "3"]
[White "jjimalo"]
[Black "byebyebadman"]
[Result "1/2-1/2"]
[WhiteElo "1895"]
[BlackElo "1856"]
[Opening "English: symmetrical, Benoni formation"]
[ECO "A31"]
[Time "14:00:40"]
[TimeControl "2700+45"]

1. d4 Nf6 2. Nf3 c5 3. c4 cxd4 4. Nxd4 e5 5. Nb5 d5 6. cxd5 Bc5 7. e3 O-O 8. Be2
e4 9. O-O Qe7 10. N1c3 a6 11. Nd4 b5 12. a3 Rd8 13. b4 Bd6 14. Bb2 Qe5 15. g3
Bb7 16. Re1 Nxd5 17. Nxd5 Bxd5 18. Rc1 Qe8 19. Qd2 Be5 20. Red1 Nc6 21. Nxc6
Bxc6 22. Qc2 Bxb2 23. Qxb2 Rac8 {Game drawn by mutual agreement} 1/2-1/2

[Event "Team 45 45 League T57"]
[Site "Internet Chess Club"]
[Date "2013.06.10"]
[Round "3"]
[White "cityprosecutor"]
[Black "bahamapapa"]
[Result "0-1"]
[WhiteElo "1838"]
[BlackElo "1808"]
[Opening "Robatsch (modern) defense"]
[ECO "B06"]
[Time "22:24:13"]
[TimeControl "2700+45"]

1. e4 g6 2. d4 Bg7 3. Nf3 c6 4. h3 d5 5. Nc3 a6 6. Bf4 Nf6 7. e5 Ne4 8. Nxe4
dxe4 9. Ng5 Qb6 10. b3 c5 11. c3 O-O 12. Bc4 Nc6 13. dxc5 Qxc5 14. Nxe4 Qa5 15.
b4 Qb6 16. Be3 Qc7 17. f4 Nxe5 18. Be2 Rd8 19. Qc2 Nc4 20. Bc1 Bf5 21. O-O Nd6
22. Bf3 Bxe4 23. Bxe4 Qxc3 24. Rb1 Qd4+ {White resigns} 0-1

[Event "Team 45 45 League T57"]
[Site "Internet Chess Club"]
[Date "2013.06.11"]
[Round "3"]
[White "koni"]
[Black "O00O"]
[Result "1/2-1/2"]
[WhiteElo "1912"]
[BlackElo "1932"]
[Opening "Caro-Kann: classical, 6.h4"]
[ECO "B19"]
[Time "14:31:07"]
[TimeControl "2700+45"]

1. e4 c6 2. d4 d5 3. Nc3 dxe4 4. Nxe4 Bf5 5. Ng3 Bg6 6. h4 h6 7. Nf3 Nf6 8. Ne5
Bh7 9. Bc4 e6 10. Qe2 Nd5 11. O-O Be7 12. Re1 O-O 13. h5 Bg5 14. c3 Bxc1 15.
Raxc1 {Game drawn by mutual agreement} 1/2-1/2

[Event "Team 45 45 League T57"]
[Site "Internet Chess Club"]
[Date "2013.06.06"]
[Round "3"]
[White "minke"]
[Black "HematiteBrown"]
[Result "0-1"]
[WhiteElo "1896"]
[BlackElo "2011"]
[Opening "Sicilian: Najdorf, Byrne (English) attack"]
[ECO "B90"]
[Time "14:31:06"]
[TimeControl "2700+45"]

1. e4 c5 2. Nf3 d6 3. d4 cxd4 4. Nxd4 Nf6 5. Nc3 a6 6. Be3 e6 7. f3 b5 8. Qd2
Bb7 9. O-O-O Nbd7 10. g4 h6 11. Bd3 b4 12. Na4 d5 13. exd5 Bxd5 14. Rhf1 Qa5 15.
b3 Rb8 16. Bc4 Bxc4 17. Nc6 Qb5 18. Nxb8 Bxf1 19. Nb6 Be2 20. a4 Qe5 21. Qxe2
Bc5 22. N8xd7 Nxd7 23. Nxd7 Qa1+ 24. Kd2 Qc3+ 25. Kc1 Bxe3+ 26. Kb1 Bd4 27. Rxd4
Qxd4 28. Nb8 O-O 29. Nxa6 Rc8 30. Qe4 Qg1+ 31. Kb2 Qxh2 32. Nxb4 h5 33. gxh5
Qxh5 34. Nc6 Qc5 35. Nb4 Qc3+ 36. Kb1 g6 37. Qb7 Kg7 38. a5 Rd8 39. Nd3 Qxa5 40.
Qe4 Kg8 41. Qe5 Qa6 42. Qc3 Rc8 43. Qd4 Qc6 44. Ne1 Qc7 45. Kb2 Qa5 46. Nd3 Ra8
47. Kb1 Qd2 48. Qe4 Qa5 49. Qe5 Qa2+ 50. Kc1 Rc8 51. Qb2 Qa7 52. Qe5 Qg1+ 53.
Kd2 Qg2+ 54. Qe2 Rxc2+ {White resigns} 0-1

[Event "Team 45 45 League T57"]
[Site "Internet Chess Club"]
[Date "2013.06.08"]
[Round "3"]
[White "sockmonkey"]
[Black "chess09"]
[Result "1-0"]
[WhiteElo "1777"]
[BlackElo "1988"]
[Opening "QGD Slav: exchange variation"]
[ECO "D13"]
[Time "12:00:40"]
[TimeControl "2700+45"]

1. d4 d5 2. c4 c6 3. Nf3 Nf6 4. cxd5 cxd5 5. Nc3 Nc6 6. Bf4 e6 7. e3 Bd6 8. Bg3
O-O 9. Bd3 a6 10. Rc1 Qe7 11. Ne5 Bd7 12. O-O Rac8 13. a3 b5 14. b4 Ne8 15. f4
f6 16. Nxd7 Qxd7 17. Qc2 f5 18. Bh4 Nf6 19. Bxf6 Rxf6 20. Rf3 Rg6 21. Rh3 Ne7
22. Qd2 Rg4 23. Be2 Rg6 24. Nd1 Rxc1 25. Qxc1 Nc8 26. Nf2 Nb6 27. Nd3 Nc4 28.
Nc5 Bxc5 29. bxc5 Qc7 30. Qc3 Qa5 31. Qxa5 Nxa5 32. Kf2 Nc4 33. c6 Rf6 34. g4
Nxa3 35. gxf5 exf5 36. Bf3 Kf8 37. Bxd5 Ke7 38. Rxh7 Rg6 39. e4 Kd6 40. exf5 Rf6
41. Be4 Rf7 42. f6 Rxf6 43. Rxg7 Rxf4+ 44. Ke3 Rf8 45. Rd7+ Ke6 46. d5+ Ke5 47.
Bd3 a5 48. c7 Rc8 49. d6 Rh8 50. Rd8 Rh3+ 51. Kf2 Rxh2+ 52. Kg3 Rd2 53. Bf1 Rc2
54. d7 Rc3+ 55. Kg4 Nc4 56. c8=Q Ne3+ 57. Kh5 b4 58. Re8+ Kf4 59. d8=Q Rxc8 60.
Qxc8 Nxf1 61. Qg4# {Black checkmated} 1-0

[Event "Team 45 45 League T57"]
[Site "Internet Chess Club"]
[Date "2013.06.06"]
[Round "3"]
[White "az2112"]
[Black "bookseller"]
[Result "0-1"]
[WhiteElo "1633"]
[BlackElo "1656"]
[Opening "Ruy Lopez: fianchetto (Smyslov/Barnes) defense"]
[ECO "C60"]
[Time "12:01:42"]
[TimeControl "2700+45"]

1. e4 e5 2. Nf3 Nc6 3. Bb5 g6 4. O-O Bg7 5. c3 a6 6. Ba4 d6 7. d4 Bd7 8. Bg5
Nge7 9. Re1 h6 10. Bh4 g5 11. Bg3 Ng6 12. d5 Nce7 13. Nbd2 f5 14. exf5 Nxf5 15.
Ne4 b5 16. Bb3 O-O 17. Nfd2 Nxg3 18. Nxg3 Nf4 19. Nh5 Nd3 20. Nxg7 Kxg7 21. Re2
Bg4 22. f3 Bf5 23. Ne4 Nf4 24. Re1 Qe8 25. a4 Qd7 26. Bc2 Qf7 27. Bb3 Qg6 28.
Ng3 Bd7 29. Bc2 Qf7 30. axb5 axb5 31. Bb3 Rxa1 32. Qxa1 g4 33. fxg4 Bxg4 34. Rf1
Be2 35. Rf2 Nh3+ {White resigns} 0-1